 Dungeon Crawl Stone Soup version 0.29-a0-878-g7b45a56547 (webtiles) character file.

Game seed: 1259913624832810898

3167 kevlar127 the Grappler (level 9, -8/144 HPs)
             Began as a Troll Berserker on July 20, 2022.
             Was a Priest of Trog.
             Mangled by an orc warrior
             ... wielding a +0 war axe
              (16 damage)
             ... in a bailey.
             The game lasted 00:08:52 (5649 turns).

kevlar127 the Grappler (Troll Berserker)            Turns: 5649, Time: 00:08:53

Health: -8/144     AC:  8    Str: 31    XL:     9   Next: 63%
Magic:  8/8        EV: 10    Int:  3    God:    Trog [***...]
Gold:   299        SH:  5    Dex:  9    Spells: 8/8 levels left

rFire   . . .      SeeInvis .     - Unarmed
rCold   . . .      Faith    .   (no shield)
rNeg    + . .      Spirit   .   a - +0 animal skin
rPois   .          Reflect  +   (helmet restricted)
rElec   .          Harm     .   (no cloak)
rCorr   .          Rampage  .   (gloves unavailable)
Will    ++...                   (boots unavailable)
Stlth   ..........              b - amulet of reflection
HPRegen 2.14/turn               f - +4 ring of protection
MPRegen 0.11/turn               s - ring of positive energy

@: berserking, strong-willed, regenerating, very quick
A: large, unfitting armour, claws 3, regeneration 1, shaggy fur 1, tough skin 1
a: Renounce Religion, Berserk, Trog's Hand


You were in a bailey.
You worshipped Trog.
Trog was most pleased with you.
You visited 1 branch of the dungeon, and saw 7 of its levels.
You also visited: Bailey.

You collected 299 gold pieces.

Inventory:

Missiles
 v - 34 poisoned darts
 w - 38 stones
 y - 14 boomerangs (quivered)
 z - 3 curare-tipped darts
 A - 4 atropa-tipped darts
 B - 3 silver javelins
Armour
 a - a +0 animal skin (worn)
Jewellery
 b - an amulet of reflection (around neck)
 f - a +4 ring of protection (left claw)
 m - a +6 ring of dexterity
 s - a ring of positive energy (right claw)
 u - a +4 ring of protection
Wands
 d - a wand of mindburst (14)
 x - a wand of charming (8)
Scrolls
 c - 5 scrolls of identify {unknown}
 e - 2 scrolls of summoning {unknown}
 g - a scroll of blinking {unknown}
 h - 2 scrolls of noise {unknown}
 n - a scroll of silence {unknown}
 p - 2 scrolls of amnesia {unknown}
 r - a scroll of immolation {unknown}
 t - a scroll of brand weapon {unknown}
Potions
 i - a potion of heal wounds {unknown}
 j - a potion of degeneration {unknown}
 k - a potion of flight {unknown}
 l - a potion of curing {unknown}
 o - a potion of invisibility {unknown}
 q - a potion of attraction {unknown}


   Skills:
 + Level 8.0 Fighting
 + Level 3.4 Throwing
 - Level 3.0 Dodging
 + Level 9.6 Unarmed Combat


You had 8 spell levels left.
You didn't know any spells.
Your spell library was empty.

Dungeon Overview and Level Annotations

Branches:
Dungeon (7/15)             Bailey (1/1)
 Temple: D:4-7

Altars:
Dithmenos
Gozag
Nemelex Xobeh
Vehumet
Zin
The Shining One


Innate Abilities, Weirdness & Mutations

You are too large for most types of armour.
You have claws for hands.
Your natural rate of healing is unusually fast.
You are covered in fur. (AC +1)
You have tough skin. (AC +1)


Message History

You feel strong-willed.
You can no longer call in reinforcements.
A red film seems to cover your vision as you go berserk!
You feel yourself moving faster!
You feel mighty!
The orc warrior no longer looks unusually strong.
The orc knight roars a battlecry!
The orc warrior goes into a battle-frenzy!
You block the orc warrior's attack.
Unknown command.
You mangle the orc knight!!
You kill the orc knight!
Trog accepts your kill.
Your Fighting skill increases to level 8!
Your Throwing skill increases to level 3!
You block the orc warrior's attack.
Things that are here:
a +0 battleaxe; a +0 ring mail You scratch the orc warrior.
The orc warrior is moderately wounded.
The orc warrior hits you with a +0 war axe.
* * * LOW HITPOINT WARNING * * *
You closely miss the orc warrior.
The orc warrior is moderately wounded.
You closely miss the orc warrior.
The orc warrior is moderately wounded.
The orc warrior hits you with a +0 war axe!!
* * * LOW HITPOINT WARNING * * *
You miss the orc warrior.
The orc warrior is moderately wounded.
Unknown command.
You closely miss the orc warrior.
The orc warrior is moderately wounded.
The orc warrior hits you with a +0 war axe!
* * * LOW HITPOINT WARNING * * *
You barely miss the orc warrior.
The orc warrior is moderately wounded.
You barely miss the orc warrior.
The orc warrior is moderately wounded.
The orc warrior hits you with a +0 war axe!
You die...

#.###≈≈.......≈≈#
#....≈≈.......≈≈.
#####≈≈.......≈≈#
##≈.......≈#
####'''####
##.)...##
#∩.....∩#
#...8...#
##...@.## ###o###
####...####
#.........#
#...).........
#...............
#...............
##.............#
###.:$.(.![.###


You could see an orc warrior (strong).

Vanquished Creatures
  2 orc knights (Bailey)
  A wyvern (D:6)
  2 sky beasts (D:6)
  2 orc warriors
  3 ice beasts
  2 black bears (D:5)
  A centaur (D:6)
  An ogre (D:6)
  3 kobold brigands (Bailey)
  2 scorpions (D:5)
  3 wights (D:6)
  A howler monkey (D:6)
  3 jellies
  3 orc priests
  A gnoll bouda (D:4)
  5 hounds
  3 iguanas
  An orc wizard (D:6)
  4 gnolls (D:4)
  5 adders
  2 dart slugs
  22 orcs
  3 bats
  4 endoplasms
  3 giant cockroaches
  5 hobgoblins
  10 jackals
  8 ball pythons
  3 frilled lizards
  9 goblins
  16 kobolds
  5 rats
138 creatures vanquished.

Notes
Turn   | Place    | Note
-------+----------+-------------------------------------------
     0 | D:1      | kevlar127 the Troll Berserker began the quest for the Orb.
     0 | D:1      | Reached XP level 1. HP: 22/22 MP: 0/0
   220 | D:1      | Reached XP level 2. HP: 29/29 MP: 1/1
  1422 | D:2      | Reached XP level 3. HP: 36/36 MP: 2/2
  1662 | D:3      | Reached ** piety under Trog
  1805 | D:3      | Reached XP level 4. HP: 45/45 MP: 3/3
  1851 | D:3      | Reached skill level 4 in Unarmed Combat
  2046 | D:3      | Noticed an ice beast
  2052 | D:3      | Killed an ice beast
  2053 | D:3      | Reached XP level 5. HP: 54/54 MP: 4/4
  2133 | D:3      | Found a faded altar of an unknown god.
  2229 | D:4      | Reached skill level 5 in Unarmed Combat
  2230 | D:4      | Reached XP level 6. HP: 21/62 MP: 5/5
  2524 | D:4      | Reached *** piety under Trog
  2777 | D:5      | Entered Level 5 of the Dungeon
  2811 | D:5      | Reached XP level 7. HP: 71/71 MP: 6/6
  2830 | D:5      | Reached skill level 5 in Fighting
  2830 | D:5      | Reached skill level 6 in Unarmed Combat
  2943 | D:5      | Found an opulent altar of Gozag.
  2957 | D:5      | Found a glowing golden altar of the Shining One.
  2960 | D:5      | Found a radiant altar of Vehumet.
  3300 | D:6      | Reached skill level 7 in Unarmed Combat
  3300 | D:6      | Reached XP level 8. HP: 51/83 MP: 7/7
  3433 | D:6      | Found a shadowy altar of Dithmenos.
  3632 | D:6      | Reached skill level 8 in Unarmed Combat
  3756 | D:6      | Reached **** piety under Trog
  4084 | D:6      | Found a sparkling altar of Nemelex Xobeh.
  4230 | D:6      | Found a glowing silver altar of Zin.
  5141 | D:7      | Found a flagged portal.
  5225 | D:7      | Reached XP level 9. HP: 93/93 MP: 8/8
  5278 | Bailey   | Entered a bailey
  5303 | Bailey   | Reached skill level 1 in Throwing
  5597 | Bailey   | Noticed an orc knight
  5608 | Bailey   | Killed an orc knight
  5609 | Bailey   | Reached skill level 9 in Unarmed Combat
  5623 | Bailey   | Noticed an orc knight
  5625 | Bailey   | Found a bloodstained altar of Trog.
  5641 | Bailey   | Killed an orc knight
  5647 | Bailey   | HP: 6/144 [orc warrior/+0 war axe (14)]
  5649 | Bailey   | Mangled by an orc warrior

Illustrated notes

Levels and vault maps discovered:
D:1:      onia_arrival_pyramid, layout_basic
D:2:      layout_basic, ebering_dispersal_statue_hall,
          chequers_serial_rivers_large_a
D:3:      layout_basic, shapermc_ecumenical_altar_mp_vishouse
D:4:      layout_gridville
D:5:      layout_basic, minitemple
D:6:      kennysheep_spiral_hall, layout_basic, general_overflow_altar,
          nicolae_dithmenos_the_darkroom, nemelex_dance_club_becter
D:7:      layout_loops_ring, minmay_temple_entry_nine_rooms,
          gammafunk_ghost_smash, enter_bailey_3, roderic_three_in_a_row,
          uniq_menkaure, uniq_prince_ribbit1
Bailey:   bailey_axe_3, bailey

Skill      XL: |  1  2  3  4  5  6  7  8  9 |
---------------+----------------------------+-----
Fighting       | 3 4 5 7 8 |  8.0
Dodging        | 3 |  3.0
Unarmed Combat | 4 5 7 8 9 |  9.6
Throwing       | 3 |  3.4

Action                   |  1- 3 |  4- 6 |  7- 9 || total
-------------------------+-------+-------+-------++-------
Melee: Unarmed           |   103 |    87 |   184 ||   374
       Punch             |     2 |     1 |     5 ||     8
Invok: Berserk           |       |     1 |     2 ||     3
       Trog's Hand       |       |       |     3 ||     3
Armor: Animal skin       |    36 |    35 |    50 ||   121
Dodge: Dodged            |    59 |    45 |    99 ||   203
Block: Other             |    26 |    21 |    35 ||    82
       Reflection        |     2 |       |     4 ||     6

Table legend: (Time is in decaauts)
 A = Elapsed time spent in this place.
 B = Non-inter-level travel time spent in this place.
 C = Inter-level travel time spent in this place.
 D = Time resting spent in this place.
 E = Time spent auto-exploring this place.
 F = Levels seen in this place.
 G = Mean time per level.
                   A        B        C        D        E       F      G
               +--------+--------+--------+--------+--------+-----+--------+
         Total |   5643 |   5049 |    594 |    628 |   3664 |   8 |  705.4 |
       Dungeon |   5272 |   4678 |    594 |    385 |   3613 |   7 |  753.1 |
        Bailey |    370 |    370 |      0 |    243 |     50 |   1 |  370.0 |
               +--------+--------+--------+--------+--------+-----+--------+

Top non-repeatable levels by time:
     D:6: 1131 daAuts
     D:1: 1013 daAuts
     D:2: 1010 daAuts
     D:3: 665 daAuts
     D:4: 649 daAuts
     D:5: 579 daAuts
  Bailey: 370 daAuts
     D:7: 222 daAuts
